 Dungeon Crawl Stone Soup version 0.26.1-11-gd32895ea62 (webtiles) character file.

Game seed: 15767653829362576248

693 seveneves the Slasher (level 7, -4/60 HPs)
             Began as a Minotaur Fighter on July 24, 2021.
             Slain by an ogre
             ... wielding a +0 giant spiked club
              (16 damage)
             ... on level 5 of the Dungeon.
             The game lasted 00:20:13 (2612 turns).

seveneves the Slasher (Minotaur Fighter)            Turns: 2612, Time: 00:20:14

Health: -4/60      AC:  4    Str: 22      XL:     7   Next: 37%
Magic:  6/6        EV: 14    Int:  5      God:
Gold:   203        SH: 10    Dex:  9 (10) Spells: 6/6 levels left

rFire    . . .     SeeInvis .   a - +0 long sword
rCold    . . .     Faith    .   c - +0 kite shield
rNeg     . . .     Spirit   .   p - +1 leather armour "Fyriessa" {Will- Slay+2 Stlth+}
rPois    +         Reflect  .   (helmet restricted)
rElec    .         Harm     .   (no cloak)
rCorr    .         Rampage  .   (no gloves)
Will     .....                  (no boots)
Stlth    ++........             (no amulet)
HPRegen  0.20/turn              f - ring of poison resistance
MPRegen  0.10/turn              n - +4 ring of evasion

@: mighty
A: retaliatory headbutt, horns 2
a: no special abilities


You were on level 5 of the Dungeon.
You visited 1 branch of the dungeon, and saw 6 of its levels.
You also visited: Sewer.

You collected 203 gold pieces.

Inventory:

Hand Weapons
 a - a +0 long sword (weapon)
Armour
 b - a +0 scale mail
 c - a +0 kite shield (worn)
 p - the +1 leather armour "Fyriessa" (worn) {Will- Slay+2 Stlth+}
   (You found it on level 4 of the Dungeon)

   It affects your accuracy and damage with ranged weapons and melee attacks
   (+2).
   It affects your willpower, your defense against some magical effects.
   It makes you more stealthy.
 q - a +0 plate armour
Jewellery
 f - a ring of poison resistance (left hand)
 n - a +4 ring of evasion (right hand)
 o - an uncursed ring of positive energy
Scrolls
 h - 2 scrolls of identify
 i - 3 scrolls of remove curse
 j - 2 scrolls of blinking
 k - 2 scrolls of magic mapping {unknown}
 l - 2 scrolls of enchant weapon {unknown}
 m - 2 scrolls of teleportation {unknown}
Potions
 d - a potion of might
 e - a potion of invisibility
 g - a potion of curing


   Skills:
 + Level 4.9 Fighting
 + Level 6.4 Long Blades
 + Level 5.4 Armour
 + Level 1.3 Dodging
 + Level 0.5 Stealth
 + Level 6.1 Shields


You had 6 spell levels left.
You didn't know any spells.
Your spell library was empty.

Dungeon Overview and Level Annotations

Branches:
Dungeon (6/15)              Sewer (visited)
 Temple: D:4-7

Altars:
Elyvilon
Makhleb
Ru

Annotations:
D:5 Prince Ribbit


Innate Abilities, Weirdness & Mutations

You reflexively headbutt those who attack you in melee.
You have a pair of horns on your head.


Message History

The white imp gestures at you. The puff of frost misses you.
The ogre completely misses you.
You struggle against the net.
The ogre hits you with a +0 giant spiked club!
* * * LOW HITPOINT WARNING * * *
You struggle against the net.
The leopard gecko closely misses you. You furiously retaliate!
You headbutt the leopard gecko!
You kill the leopard gecko!
The hound barely misses you. You furiously retaliate!
You headbutt the hound!!
You kill the hound!
The white imp disappears for a moment.
The white imp hits you.
* * * LOW HITPOINT WARNING * * *
The white imp freezes you.
* * * LOW HITPOINT WARNING * * *
You feel your intelligence returning.
You rip the net and break free!
The ogre misses you. The white imp closely misses you.
The ogre hits you with a +0 giant spiked club!
You die...

##.≈.#......
##..≈....)...
.##...≈........
....g≈≈.#......
...g≈≈......> .
...g≈.....# ...
...h≈.)<..#....
...h≈.O........
..g≈≈.†@5......
≈≈≈≈...........
.............##
..#.#.......##
............#
....#.........
....#..........
.. ...........


You could see an ogre, a gnoll sergeant, 2 hounds, 3 gnolls and a white imp.

Vanquished Creatures
  An ogre (D:4)
  2 bullfrogs (Sewer)
  3 orc wizards (D:4)
  A bullfrog skeleton (D:4)
  An orc priest (D:4)
  A hound (D:5)
  A centaur skeleton (D:4)
  Ijyb (D:3)
  Terence (D:3)
  Natasha (twice) (D:3)
  A gnoll (D:5)
  5 adders
  3 river rats (D:3)
  A white imp (D:4)
  An adder skeleton (D:4)
  3 worms
  A dart slug (D:3)
  A leopard gecko (D:5)
  9 orcs
  8 ball pythons
  7 bats
  4 giant cockroaches (Sewer)
  6 goblins
  4 hobgoblins
  5 jackals
  A quokka (D:2)
  9 frilled lizards
  9 kobolds
  4 rats
96 creatures vanquished.

Notes
Turn   | Place    | Note
-------+----------+-------------------------------------------
     0 | D:1      | seveneves the Minotaur Fighter began the quest for the Orb.
     0 | D:1      | Reached XP level 1. HP: 19/19 MP: 0/0
   135 | D:1      | You fall into a shaft and drop 1 floor!
   220 | D:2      | Reached XP level 2. HP: 23/27 MP: 1/1
   431 | D:2      | Reached XP level 3. HP: 24/33 MP: 2/2
   746 | D:2      | Found a white marble altar of Elyvilon.
   864 | D:3      | Noticed Terence
   871 | D:3      | Killed Terence
   872 | D:3      | Reached XP level 4. HP: 40/40 MP: 3/3
   911 | D:3      | Reached skill level 5 in Shields
  1033 | D:3      | Found a glowing drain.
  1053 | Sewer    | Entered a sewer
  1170 | Sewer    | Reached XP level 5. HP: 46/46 MP: 4/4
  1319 | D:3      | Noticed Ijyb
  1328 | D:3      | Killed Ijyb
  1329 | D:3      | Reached skill level 5 in Armour
  1329 | D:3      | Reached XP level 6. HP: 53/53 MP: 5/5
  1602 | D:3      | Noticed Natasha
  1609 | D:3      | Killed Natasha
  1644 | D:3      | Found a burning altar of Makhleb.
  1644 | D:3      | Found a sacrificial altar of Ru.
  1744 | D:3      | Noticed Natasha
  1756 | D:3      | Killed Natasha
  2037 | D:4      | Reached skill level 5 in Long Blades
  2037 | D:4      | Reached skill level 1 in Dodging
  2057 | D:4      | Got an ichor-stained leather armour
  2228 | D:4      | You fall into a shaft and drop 2 floors!
  2272 | D:5      | Entered Level 5 of the Dungeon
  2277 | D:5      | Noticed Prince Ribbit
  2463 | D:4      | Reached XP level 7. HP: 31/60 MP: 6/6
  2510 | D:4      | Identified the +1 leather armour "Fyriessa" {Will- Slay+2
                  | Stlth+} (You found it on level 4 of the Dungeon)
  2612 | D:5      | Slain by an ogre

Illustrated notes

Levels and vault maps discovered:
D:1:      dpeg_arrival_oval, layout_basic
D:2:      layout_loops_ring, general_overflow_altar
D:3:      layout_basic, amethyst_overflow_temple_binary, portal_sewer_entry_b,
          uniq_natasha, uniq_ijyb, uniq_terence
D:4:      wander_river, layout_basic
D:5:      layout_cave_pools, nicolae_overflow_crystal_walls, serial_gnoll_camp,
          gnoll_camp_mini_basic, gnoll_camp_huts_moat, gnoll_camp_mini_doghouse,
          gnoll_camp_mini_sergeant, gnoll_camp_mini_doghouse,
          uniq_prince_ribbit1
D:6:      layout_basic, gammafunk_temple_overflow_statue,
          minmay_temple_entry_statues_pillars, serial_shops, shop

Skill      XL: |  1  2  3  4  5  6  7 |
---------------+----------------------+-----
Fighting       | 4 |  4.9
Shields        | 4 5 6 |  6.1
Armour         | 4 5 |  5.4
Long Blades    | 3 4 6 |  6.4
Dodging        | 1 |  1.3
Stealth        | |  0.5

Action                   |  1- 3 |  4- 6 |  7- 9 || total
-------------------------+-------+-------+-------++-------
Melee: Long sword        |    62 |   160 |    15 ||   237
       Headbutt          |     7 |    22 |     5 ||    34
  Use: Potion            |     2 |     4 |     1 ||     7
       Scroll            |     2 |     3 |       ||     5
 Stab: Sleeping          |       |       |     1 ||     1
Armor: Scale mail        |    29 |    42 |       ||    71
       Skin              |       |     3 |       ||     3
       Leather armour    |       |       |     3 ||     3
Dodge: Dodged            |    33 |    84 |    12 ||   129
Block: Kite shield       |    38 |    92 |     8 ||   138
       Rpst.: Long sword |     9 |    18 |       ||    27
